 Dungeon Crawl Stone Soup version 0.21.1-1-g345015f (webtiles) character file.

56 letownia2 the Conjurer (level 3, 0/19 HPs)
             Began as a Tengu Fire Elementalist on Mar 5, 2018.
             Hit by a stone thrown by a kobold (1 damage)
             ... on level 3 of the Dungeon.
             The game lasted 00:02:54 (712 turns).

letownia2 the Conjurer (Tengu Fire Elementalist)     Turns: 712, Time: 00:02:55

Health: 0/19       AC:  2    Str:  8    XL:     3   Next: 97%
Magic:  0/7        EV: 12    Int: 16    God:
Gold:   86         SH:  0    Dex: 14    Spells: 2/6 levels left

rFire    + . .     SeeInvis .   (no weapon)
rCold    . . .     Gourm    .   (no shield)
rNeg     . . .     Faith    .   a - +0 robe
rPois    .         Spirit   .   (helmet restricted)
rElec    .         Reflect  .   (no cloak)
rCorr    .         Harm     .   (no gloves)
MR       .....                  (boots unavailable)
Stlth    ++........             (no amulet)
HPRegen  0.06/turn              g - ring of protection from fire
MPRegen  0.10/turn              (no ring)

@: very slightly contaminated
A: beak, talons 3
a: no special abilities


You were on level 3 of the Dungeon.
You were hungry.

You visited 1 branch of the dungeon, and saw 3 of its levels.

You collected 86 gold pieces.

Inventory:

Armour
 a - a +0 robe (worn)
Jewellery
 g - a ring of protection from fire (left hand)
Scrolls
 d - a scroll of remove curse {unknown}
 f - a scroll of teleportation {unknown}
Potions
 e - a potion of resistance {unknown}
 h - a potion of lignification {unknown}
Books
 b - a book of Flames

   Spells                             Type                      Level
   a - Flame Tongue                   Conjuration/Fire             1
   b - Throw Flame                    Conjuration/Fire             2
   c - Conjure Flame                  Conjuration/Fire             3
   d - Inner Flame                    Hexes/Fire                   3
   e - Sticky Flame                   Conjuration/Fire             4
   f - Fireball                       Conjuration/Fire             5
Comestibles
 c - 4 rations


   Skills:
 - Level 2.1 Dodging
 - Level 2.0 Stealth
 - Level 2.0 Spellcasting
 + Level 4.9 Conjurations
 - Level 3.2 Fire Magic


You had 2 spell levels left.
You knew the following spells:

 Your Spells              Type           Power        Failure   Level  Hunger
a - Flame Tongue          Conj/Fire      ##...        3%          1    #......
c - Conjure Flame         Conj/Fire      ##......     12%         3    ###....


Dungeon Overview and Level Annotations

Branches:
Dungeon (3/15)

Altars:


Innate Abilities, Weirdness & Mutations

You have a beak for a mouth.
You have claws for feet.


Message History

The giant cockroach closely misses you.
Casting: Flame Tongue
Confirm with . or Enter, or press ? or * to list all spells.
Aiming: Flame Tongue
Press: ? - help, Shift-Dir - straight line, f/p - kobold
Aim: a kobold The flame tongue hits the giant cockroach.
You kill the giant cockroach!
You are feeling hungry.
Unknown command.
You closely miss the kobold. Your kick misses the kobold.
The kobold closely misses you.
The kobold throws a stone.
The stone hits you.
* * * LOW HITPOINT WARNING * * *
There is a stone staircase leading down here.
You see here a stone.
The kobold throws a stone.
The stone closely misses you.
Unknown command.
The kobold throws a stone.
The stone hits you.
You die...

### ### ####.########<##
####....r.r.##....#
#......K##.##.....#
###+....##.##..##.##
#...>.#K##..#...#####
#.....#r##..#<..#...#
#.....#.#.......#†#.#
#....@#.###.....#.#.##
#..(.................#
#.................#..#
#.................#(.#
..+#######+..(.................#
...............................#
...........................#####
..........†.............####
........................#


You could see a kobold.

Vanquished Creatures
  A gnoll (D:1)
  An adder (D:2)
  An ooze (D:2)
  2 dart slugs (D:1)
  A leopard gecko (D:1)
  A ball python (D:2)
  4 bats (D:3)
  3 giant cockroaches
  2 goblins (D:1)
  5 hobgoblins
  A jackal (D:2)
  A frilled lizard (D:1)
  3 kobolds
  2 rats
28 creatures vanquished.

Notes
Turn   | Place    | Note
-------+----------+-------------------------------------------
     0 | D:1      | letownia2 the Tengu Fire Elementalist began the quest for the Orb.
     0 | D:1      | Reached XP level 1. HP: 10/10 MP: 4/4
    54 | D:1      | Reached skill level 2 in Conjurations
   123 | D:1      | Reached XP level 2. HP: 7/15 MP: 3/6
   213 | D:1      | Reached skill level 3 in Conjurations
   342 | D:2      | Reached XP level 3. HP: 19/19 MP: 0/7
   347 | D:2      | Learned a level 3 spell: Conjure Flame
   455 | D:1      | Reached skill level 4 in Conjurations
   712 | D:3      | Hit by a stone thrown by a kobold

Skill      XL: |  1  2  3 |
---------------+----------+-----
Conjurations   | 2 3 4 |  4.9
Dodging        | |  2.1
Stealth        | |  2.0
Spellcasting   | |  2.0
Fire Magic     | |  3.2

Action                   || total
-------------------------++-------
Melee: Unarmed           ||    32
       Kick              ||     8
       Peck              ||     4
 Cast: Flame Tongue      ||    59
Armor: Robe              ||    12
Dodge: Dodged            ||    54
